 Dungeon Crawl Stone Soup version 0.29.1-15-g9cfb28693d (webtiles) character file.

Game seed: 3379460281597124176

1874 ThatPearl the Destroyer (level 8, 0/67 HPs)
             Began as a Yellow Draconian Conjurer on Mar 25, 2023.
             Slain by a gnoll
             ... wielding the +7 war axe of the Butterfly {flame, Fragile Int+3 Dex+4 Stlth+}
              (14 damage)
             ... on level 6 of the Dungeon.
             The game lasted 00:26:00 (8179 turns).

ThatPearl the Destroyer (Yellow Draconian Conjurer) Turns: 8179, Time: 00:26:03

Health: 0/67       AC:  8    Str:  6    XL:     8   Next: 91%
Magic:  2/18       EV: 12    Int: 20    God:
Gold:   111        SH:  0    Dex: 10    Spells: 1/20 levels left

rFire   . . .      SeeInvis +   B - +3 hand axe of Impatience {protect, rElec rN+ Str-4 SInv}
rCold   . . .      Faith    .   (no shield)
rNeg    + . .      Spirit   .   (body armour unavailable)
rPois   .          Reflect  .   (helmet restricted)
rElec   +          Harm     .   j - +0 cloak
rCorr   +          Rampage  .   (no gloves)
Will    .....                   A - +0 pair of boots
Stlth   ++........              (no amulet)
HPRegen 0.21/turn               (no ring)
MPRegen 0.16/turn               (no ring)

@: swift, very slightly contaminated, very quick
A: spit acid, AC +6, unfitting armour, cold-blooded, acid resistance
a: Breathe Acid


You were on level 6 of the Dungeon.
You visited 1 branch of the dungeon, and saw 6 of its levels.
You also visited: Ossuary.

You collected 249 gold pieces.
You spent 138 gold pieces at shops.

Inventory:

Hand Weapons
 g - a +0 dagger of venom
 v - a +2 short sword of draining
 B - the +3 hand axe of Impatience (weapon) {protect, rElec rN+ Str-4 SInv}
   (You found it on level 4 of the Dungeon)

   It grants its wielder temporary protection when it strikes (+7 to AC).
   Str:       It affects your strength (-4).
   rElec:     It insulates you from electricity.
   rN:        It protects you from negative energy.
   SInv:      It lets you see invisible.
 D - a +1 dagger of venom
Missiles
 b - 96 stones
 r - 17 poisoned darts
 C - 2 throwing nets
Armour
 j - a +0 cloak (worn)
 A - a +0 pair of boots (worn)
 I - a +2 buckler
Magical Staves
 d - a staff of fire
 e - a staff of air
Jewellery
 t - an amulet of faith
Wands
 o - a wand of mindburst (20)
 u - a wand of quicksilver (7)
Scrolls
 c - 8 scrolls of teleportation
 h - 3 scrolls of blinking
 i - 4 scrolls of summoning {unknown}
 k - 3 scrolls of noise {unknown}
 m - 3 scrolls of butterflies {unknown}
 q - a scroll of vulnerability
 y - a scroll of enchant weapon
 F - a scroll of immolation {unknown}
Potions
 a - 2 potions of magic
 f - a potion of brilliance
 l - 8 potions of heal wounds
 n - 4 potions of attraction
 p - a potion of flight
 s - 4 potions of curing
 w - 2 potions of resistance
 x - a potion of ambrosia
 z - a potion of mutation
 E - a potion of haste {unknown}
 G - a potion of lignification {unknown}
 H - 2 potions of degeneration {unknown}


   Skills:
 - Level 4.5 Fighting
 - Level 1.7 Dodging
 - Level 1.7 Stealth
 + Level 0.0 Shields
 + Level 6.8 Spellcasting
 + Level 10.4 Conjurations
 - Level 5.3 Hexes
 - Level 2.0 Necromancy
 - Level 0.6 Translocations
 + Level 1.8 Air Magic


You had one spell level left.
You knew the following spells:

 Your Spells              Type           Power      Damage    Failure   Level
b - Iskenderun's Mystic   Conj/Tloc      28%        2d7       10%         4
c - Confusing Touch       Hex            28%        N/A       3%          3
f - Fulminant Prism       Conj/Hex       19%        3d11      3%          4
m - Magic Dart            Conj           100%       1d8       1%          1
s - Searing Ray           Conj           96%        2d7       1%          2
t - Swiftness             Air            14%        N/A       14%         3
w - Passwall              Tmut/Erth      5%         N/A       14%         2

Your spell library contained the following spells:

 Spells                   Type           Power      Damage    Failure   Level
 Slow                     Hex            100%       N/A       1%          1
 Dazzling Flash           Conj/Hex       76%        N/A       1%          3
 Ensorcelled Hibernation  Hex/Ice        34%        N/A       4%          2
 Vampiric Draining        Necr           14%        2d7       13%         3
 Animate Dead             Necr           14%        N/A       38%         4
 Borgnjor's Vile Clutch   Necr/Erth      5%         N/A       87%         5
 Death Channel            Necr           7%         N/A       100%        6


Dungeon Overview and Level Annotations

Branches:
Dungeon (6/15)            Ossuary (visited)
 Temple: D:4-7

Altars:
Elyvilon
Gozag
Kikubaaqudgha

Shops:
D:4 ?

Annotations:
D:6 Sigmund


Innate Abilities, Weirdness & Mutations

You can spit globs of acid.
Your golden yellow scales are hard. (AC +6)
You cannot fit into any form of body armour.
You are cold-blooded and may be slowed by cold attacks.
You are resistant to acid. (rCorr)


Message History

The gnoll is heavily wounded.
The searing ray misses the gnoll.
You finish channelling your searing ray.
The gnoll hits you with the +7 war axe of the Butterfly {flame, Fragile Int+3 Dex+4 Stlth+}!
The gnoll burns you.
Casting: Searing Ray (safe; 1% risk of failure)
Confirm with . or Enter, or press ? or * to list all spells.
Aiming: Searing Ray (safe; 1% risk of failure)
Press: ? - help, Shift-Dir - straight line, f/p - gnoll
Aim: a gnoll, wielding the +7 war axe of the Butterfly {flame, Fragile Int+3 Dex+4 Stlth+} and wearing a +0 chain mail (heavily wounded, 90% to hit)
The searing ray hits the gnoll but does no damage.
The gnoll is heavily wounded. (Press . to maintain the ray.)
The gnoll hits you with the +7 war axe of the Butterfly {flame, Fragile Int+3 Dex+4 Stlth+}!
The gnoll burns you.
The searing ray hits the gnoll but does no damage.
The gnoll is heavily wounded.
The gnoll hits you with the +7 war axe of the Butterfly {flame, Fragile Int+3 Dex+4 Stlth+}!
The gnoll burns you.
* * * LOW HITPOINT WARNING * * *
The searing ray hits the gnoll.
The gnoll is heavily wounded.
The gnoll hits you with the +7 war axe of the Butterfly {flame, Fragile Int+3 Dex+4 Stlth+}.
* * * LOW HITPOINT WARNING * * *
The gnoll burns you.
* * * LOW HITPOINT WARNING * * *
Casting: Searing Ray (safe; 1% risk of failure)
Confirm with . or Enter, or press ? or * to list all spells.
Aiming: Fulminant Prism (dangerous; 3% risk of failure)
Press: ? - help, Dir - move target, p - gnoll You miscast Fulminant Prism.
You are very lightly contaminated with residual magic.
Nothing appears to happen.
The gnoll barely misses you.
Unknown command.
Casting: Fulminant Prism (dangerous; 3% risk of failure)
Confirm with . or Enter, or press ? or * to list all spells.
You feel quick.
The gnoll shouts!
You hear a shout!
The gnoll hits you with the +7 war axe of the Butterfly {flame, Fragile Int+3 Dex+4 Stlth+}!
You die...

........######.....##
.......## #.....#
.....### ##..###
...##### #..#
.#.....# #####..##
.......# #...#...#
######.# ##.......#
.... #.###........#
#### #.........#@.##
#.#......##g..#
#.##...####g..#
#.###### #...# #.#
#..g####... #.##
#.......... #..#
##......... ### #..#
#......... ... ....#
..........


You could see 3 gnolls.

Vanquished Creatures
  3 black bears
  An ogre (D:4)
  A centaur (D:4)
  5 water moccasin zombies (Ossuary)
  A bullfrog (D:5)
  A scorpion (D:5)
  5 wights (D:6)
  3 necrophages
  2 hounds
  2 jellies
  A gnoll bouda (D:4)
  Ijyb (D:3)
  2 iguanas
  2 orc wizards (D:5)
  2 mummies (Ossuary)
  7 gnolls (D:4)
  5 adders
  3 adder zombies (Ossuary)
  2 worms
  2 dart slugs
  7 orcs
  4 endoplasms
  4 giant cockroaches
  14 goblins
  18 hobgoblins
  3 jackals
  11 kobolds
  A quokka (D:2)
  4 ball pythons
  6 bats
  4 frilled lizards
  3 gnoll zombies (Ossuary)
  3 hobgoblin zombies (Ossuary)
  9 kobold zombies (Ossuary)
  7 orc zombies (Ossuary)
  8 rats
157 creatures vanquished.

Vanquished Creatures (others)
  12 fulminant prisms
  12 plants
24 creatures vanquished.

Grand Total: 181 creatures vanquished

Notes
Turn   | Place    | Note
-------+----------+-------------------------------------------
     0 | D:1      | ThatPearl the Draconian Conjurer began the quest for the
                  | Orb.
     0 | D:1      | Reached XP level 1. HP: 14/14 MP: 3/3
   338 | D:1      | Found a faded altar of an unknown god.
   409 | D:1      | Reached skill level 1 in Fighting
   409 | D:1      | Reached XP level 2. HP: 23/23 MP: 0/5
  1083 | D:1      | Learned a level 2 spell: Searing Ray
  1296 | D:1      | Reached XP level 3. HP: 28/28 MP: 2/6
  1688 | D:2      | Learned a level 3 spell: Confusing Touch
  2282 | D:2      | Reached XP level 4. HP: 36/36 MP: 4/7
  2977 | D:3      | Noticed Ijyb
  2991 | D:3      | Reached skill level 5 in Spellcasting
  2991 | D:3      | Reached skill level 9 in Conjurations
  2991 | D:3      | Reached skill level 5 in Hexes
  2991 | D:3      | Reached XP level 5. HP: 18/41 MP: 5/13
  2993 | D:3      | Killed Ijyb
  4074 | D:4      | Noticed a centaur
  4075 | D:4      | Noticed an ogre
  4430 | D:4      | Reached XP level 6. HP: 28/48 MP: 11/14
  4458 | D:4      | Found a sand-covered staircase.
  4478 | Ossuary  | Entered an ossuary
  4702 | Ossuary  | Learned a level 4 spell: Fulminant Prism
  4707 | Ossuary  | Learned a level 4 spell: Iskenderun's Mystic Blast
  4920 | Ossuary  | Your scales start taking on a golden yellow colour.
  4920 | Ossuary  | Reached XP level 7. HP: 24/56 MP: 4/16
  4920 | Ossuary  | Gained mutation: You are resistant to acid. (rCorr) [Yellow
                  | Draconian growth]
  5439 | D:4      | Found Naroboam's Magic Scroll Shop.
  5452 | D:4      | Bought a scroll of blinking for 90 gold pieces
  5452 | D:4      | Bought a scroll of identify for 24 gold pieces
  5452 | D:4      | Bought a scroll of identify for 24 gold pieces
  5523 | D:4      | Found an ancient bone altar of Kikubaaqudgha.
  5574 | D:4      | Found an opulent altar of Gozag.
  5804 | D:4      | Reached skill level 10 in Conjurations
  5809 | D:4      | Reached skill level 1 in Necromancy
  5812 | D:4      | Identified the +3 hand axe of Impatience {protect, rElec
                  | rN+ Str-4 SInv}
  5987 | D:4      | Reached XP level 8. HP: 63/63 MP: 8/17
  6131 | D:4      | Identified the +1 ring mail "Vacedut" {Harm rF+ Will- rCorr
                  | Str+6}
  6255 | D:5      | Entered Level 5 of the Dungeon
  6667 | D:5      | Learned a level 3 spell: Swiftness
  6670 | D:5      | Learned a level 2 spell: Passwall
  6853 | D:5      | Reached skill level 1 in Air Magic
  7504 | D:6      | Noticed Sigmund
  7529 | D:6      | Found a white marble altar of Elyvilon.
  8163 | D:6      | Identified the +7 war axe of the Butterfly {flame, Fragile
                  | Int+3 Dex+4 Stlth+}
  8179 | D:6      | Slain by a gnoll

Illustrated notes

Levels and vault maps discovered:
D:1:      dpeg_arrival_morbid_curiosity, layout_basic,
          ebering_ecumenical_altar_mist
D:2:      minmay_angry_zag, layout_loops_ring
D:3:      layout_loops_corners, kennysheep_generic_room_7, uniq_ijyb
D:4:      corexii_shantytown, layout_basic, mainiacjoe_overflow_boulevard,
          mainiacjoe_overflow_alcove_2, serial_shops, nicolae_shop_statue_plus,
          nicolae_ossuary_entry_plus
D:5:      layout_basic
D:6:      layout_cave_pods, nicolae_elyvilon_temple_path, minivault_5,
          guppyfry_shop_venom, uniq_sigmund, uniq_duvessa

Skill      XL: |  1  2  3  4  5  6  7  8 |
---------------+-------------------------+-----
Fighting       | 1 2 3 4 |  4.5
Spellcasting   | 5 6 |  6.8
Conjurations   | 9 10 | 10.4
Hexes          | 5 |  5.3
Necromancy     | 1 2 |  2.0
Air Magic      | 1 |  1.8
Dodging        | |  1.7
Stealth        | |  1.7
Translocations | |  0.6

Action                   |  1- 3 |  4- 6 |  7- 9 || total
-------------------------+-------+-------+-------++-------
Melee: Staff             |    29 |     2 |       ||    31
       Tailslap          |     4 |     7 |     9 ||    20
       Dagger            |       |    64 |    28 ||    92
       Punch             |       |     1 |     1 ||     2
       Hand axe          |       |       |    12 ||    12
 Cast: Magic Dart        |    84 |    42 |    67 ||   193
       Searing Ray       |     1 |    11 |    21 ||    33
       Fulminant Prism   |       |     5 |     7 ||    12
       Swiftness         |       |       |     1 ||     1
 Abil: Breathe Acid      |       |       |     2 ||     2
Evoke: Wand              |       |     2 |       ||     2
  Use: Potion            |       |     2 |       ||     2
       Scroll            |       |     7 |     5 ||    12
 Stab: Sleeping          |       |     1 |     1 ||     2
Armor: Skin              |    20 |    35 |    14 ||    69
Dodge: Dodged            |    34 |    52 |    35 ||   121
